 Dungeon Crawl Stone Soup version 0.29-a0-418-gc0181ea820 (webtiles) character file.

Game seed: 17774157279995410737

40 Hubjo the Firebug (level 3, 0/20 HPs)
             Began as a Deep Elf Fire Elementalist on May 17, 2022.
             Slain by a goblin
             ... wielding a +0 club
             ... led by Robin
              (2 damage)
             ... on level 2 of the Dungeon.
             The game lasted 00:01:23 (1949 turns).

Hubjo the Firebug (Deep Elf Fire Elementalist)      Turns: 1949, Time: 00:01:23

Health: 0/20       AC:  2    Str:  5    XL:     3   Next: 30%
Magic:  10/10      EV: 12    Int: 21    God:
Gold:   66         SH:  0    Dex: 15    Spells: 8/9 levels left

rFire   + . .      SeeInvis .   (no weapon)
rCold   + . .      Faith    .   (no shield)
rNeg    . . .      Spirit   .   a - +0 robe
rPois   +          Reflect  .   (no helmet)
rElec   +          Harm     .   (no cloak)
rCorr   +          Rampage  .   (no gloves)
Will    .....                   (no boots)
Stlth   ++........              (no amulet)
HPRegen 0.06/turn               (no ring)
MPRegen 0.12/turn               (no ring)

@: resistant, on berserk cooldown, flying, slowed, very slow
A: no striking features
a: no special abilities


You were on level 2 of the Dungeon.
You visited 1 branch of the dungeon, and saw 2 of its levels.

You collected 66 gold pieces.

Inventory:

Armour
 a - a +0 robe (worn)
Scrolls
 d - a scroll of amnesia {unknown}
 f - a scroll of noise {unknown}
 j - a scroll of fear {unknown}
Potions
 b - a potion of magic
 c - a potion of lignification {unknown}
 i - a potion of curing {unknown}


   Skills:
 * Level 1.4 Fighting
 - Level 2.4 Dodging
 + Level 3.1 Stealth
 + Level 3.5 Spellcasting
 - Level 1.1 Conjurations
 + Level 3.6 Fire Magic


You had 8 spell levels left.
You knew the following spells:

 Your Spells              Type           Power      Damage    Failure   Level
a - Foxfire               Conj/Fire      52%        2x1d6     4%          1

Your spell library contained the following spells:

 Spells                   Type           Power      Damage    Failure   Level
 Scorch                   Fire           38%        2d7       4%          2
 Conjure Flame            Conj/Fire      13%        6-21      14%         3
 Inner Flame              Hex/Fire       11%        N/A       19%         3
 Flame Wave               Conj/Fire      13%        2d6       43%         4
 Fulminant Prism          Conj/Hex       3%         3d6       69%         4
 Cause Fear               Hex            1%         N/A       77%         4
 Leda's Liquefaction      Hex/Erth       1%         N/A       77%         4
 Summon Cactus Giant      Summ           1%         N/A       100%        6
 Ignition                 Fire           9%         3d5       100%        8


Dungeon Overview and Level Annotations

Branches:
Dungeon (2/15)

Altars:

Shops:
D:1 !

Annotations:
D:2 Natasha


Message History

The goblin hits you with a +0 club. The goblin is attracted toward you.
You hit the goblin.
You kill the goblin!
You are no longer berserk.
You are exhausted.
You feel yourself slow down.
The goblin no longer looks unusually strong.
You hit the goblin but do no damage. The goblin hits you with a +0 club.
The goblin hits you but does no damage.
You hit the goblin.
The goblin is moderately wounded.
The goblin hits you but does no damage. The goblin barely misses you. x2
A goblin comes into view. It is wielding a +0 dagger.
The goblin barely misses you.
You hit the goblin but do no damage. The goblin barely misses you.
The goblin closely misses you.
Natasha casts a spell.
You closely miss the goblin. The goblin barely misses you.
The goblin hits you with a +0 club.
* * * LOW HITPOINT WARNING * * *
Natasha mumbles some strange words.
Natasha shimmers violently.
The goblin misses you. The goblin hits you but does no damage.
You hit the goblin.
The goblin is moderately wounded.
The goblin misses you. The goblin closely misses you.
You hit the goblin.
The goblin is severely wounded.
The goblin no longer looks unusually strong.
The goblin hits you but does no damage. The goblin hits you with a +0 club.
* * * LOW HITPOINT WARNING * * *
The goblin misses you. The goblin hits you but does no damage.
It was a potion of resistance.
You feel protected.
The goblin misses you. x2; You feel less attractive to monsters.
You barely miss the goblin.
The goblin is severely wounded.
Natasha mumbles some strange words.
The goblin hits you with a +0 club.
You die...

#..
#.#.#####.##.########.
#. #.#.# #.##.# ##'
#.#.# #.##+# #..
#####.#.#####.# .. #..
......[.......#....
#..
#####.#............
#.. #.#.....###.. #..
# #.###g### #..
#.#@gh.5+ ....
#.#g#g### #### #.#g#.#
#.#.#.# #.#.# #.#.#
#.#.# #.#.# #.#


You could see Natasha, a crimson imp (summoned) and 5 goblins.

Vanquished Creatures
  Robin (D:2)
  A worm (D:2)
  2 dart slugs (D:1)
  An endoplasm (D:1)
  A giant cockroach (D:1)
  4 goblins
  2 hobgoblins
  2 quokkas (D:1)
  2 ball pythons
  2 bats (D:1)
  A frilled lizard (D:1)
  2 kobolds (D:1)
  4 rats (D:1)
25 creatures vanquished.

Vanquished Creatures (others)
  204 foxfires
204 creatures vanquished.

Grand Total: 229 creatures vanquished

Notes
Turn   | Place    | Note
-------+----------+-------------------------------------------
     0 | D:1      | Hubjo the Deep Elf Fire Elementalist began the quest for
                  | the Orb.
     0 | D:1      | Reached XP level 1. HP: 10/10 MP: 6/6
   455 | D:1      | Found Kifoseiw's Distillery.
   526 | D:1      | Reached XP level 2. HP: 16/16 MP: 2/8
  1211 | D:1      | Reached skill level 1 in Fighting
  1683 | D:2      | Got the Papyrus of the Burning Oath
  1794 | D:2      | Reached XP level 3. HP: 20/20 MP: 4/9
  1901 | D:2      | Noticed Robin
  1928 | D:2      | Noticed Natasha
  1937 | D:2      | Killed Robin
  1947 | D:2      | HP: 1/20 [goblin/+0 club[Robin] (4)]
  1949 | D:2      | Slain by a goblin

Illustrated notes

Levels and vault maps discovered:
D:1:      minmay_arrival_wavy_path, layout_rooms, serial_shops, shop
D:2:      layout_basic, minmay_pentomino_o2, uniq_robin, uniq_natasha,
          uniq_jessica

Skill      XL: |  1  2 |
---------------+-------+-----
Fighting       | 1 |  1.4
Stealth        | 3 |  3.1
Dodging        | |  2.4
Spellcasting   | |  3.5
Conjurations   | |  1.1
Fire Magic     | |  3.6

Action                   || total
-------------------------++-------
Melee: Unarmed           ||    26
 Cast: Foxfire           ||   125
  Use: Potion            ||     6
Armor: Robe              ||    12
Dodge: Dodged            ||    46

Table legend: (Time is in decaauts)
 A = Elapsed time spent in this place.
 B = Non-inter-level travel time spent in this place.
 C = Inter-level travel time spent in this place.
 D = Time resting spent in this place.
 E = Time spent auto-exploring this place.
 F = Levels seen in this place.
 G = Mean time per level.
                   A        B        C        D        E       F      G
               +--------+--------+--------+--------+--------+-----+--------+
         Total |   1948 |   1948 |      0 |      0 |   1709 |   2 |  974.0 |
       Dungeon |   1948 |   1948 |      0 |      0 |   1709 |   2 |  974.0 |
               +--------+--------+--------+--------+--------+-----+--------+

Top non-repeatable levels by time:
     D:1: 1521 daAuts
     D:2: 427 daAuts
